 Dungeon Crawl Stone Soup version 0.29-a0-468-ge57f7f99b4 (webtiles) character file.

Game seed: 2958104880408639259

209100 dolemite99 the Warrior (level 18, 0/151 HPs)
             Began as a Demonspawn Fighter on May 21, 2022.
             Was an Initiate of Yredelemnul.
             Hit by a silver javelin thrown by a merfolk javelineer (20 damage)
             ... on level 4 of the Shoals on May 22, 2022.
             The game lasted 01:15:16 (46001 turns).

dolemite99 the Warrior (Demonspawn Fighter)        Turns: 46001, Time: 01:15:16

Health: 0/151      AC: 26    Str: 27    XL:     18   Next: 14%
Magic:  25/25      EV: 11    Int: 10    God:    Yredelemnul [......]
Gold:   389        SH: 18    Dex: 16    Spells: 17/17 levels left

rFire   . . .      SeeInvis .   a - +10 morningstar "Eos" {elec, Halo rElec}
rCold   . . .      Faith    .   k - +0 kite shield
rNeg    . . .      Spirit   .   q - +4 chain mail {rPois}
rPois   +          Reflect  +   L - +1 hat {Will+}
rElec   +          Harm     .   i - +1 cloak
rCorr   .          Rampage  +   (gloves unavailable)
Will    ++...                   W - +1 pair of boots {rampage}
Stlth   ..........              r - amulet of reflection
HPRegen 1.35/turn               e - +6 ring of strength
MPRegen 0.19/turn               K - +4 ring of protection

@: glowing, studying Fire Magic
A: repulsion field 2, powered by death 2, spiny 3, demonic touch 3
}: 1/15 runes: gossamer
a: Renounce Religion, Recall Undead Harvest


You were on level 4 of the Shoals.
You worshipped Yredelemnul.
Yredelemnul was aware of your devotion.
You visited 5 branches of the dungeon, and saw 31 of its levels.

You collected 2892 gold pieces.
You spent 2503 gold pieces at shops.

Inventory:

Hand Weapons
 a - the +10 morningstar "Eos" (weapon) {elec, Halo rElec}
   (You bought it in a shop on level 5 of the Dungeon)

   It occasionally discharges a powerful burst of electricity upon striking a
   foe.
   It grants its wielder a halo, increasing accuracy against those within it.
   rElec:     It insulates you from electricity.
 b - the +10 spear of the Present {vorpal, Int+2 Dex+3 Stlth-}
   (You found it on level 3 of the Dungeon)

   It inflicts extra damage upon your enemies.
   Int:       It affects your intelligence (+2).
   Dex:       It affects your dexterity (+3).
   Stlth:     It makes you less stealthy.
 V - the +8 flail of Quij {vorpal, Will+}
   (You found it on level 4 of the Shoals)

   It inflicts extra damage upon your enemies.
   Will:      It increases your willpower.
Missiles
 G - 18 boomerangs (quivered)
 P - 6 poisoned darts
 R - a throwing net
 X - 7 javelins
Armour
 i - a +1 cloak (worn)
 k - a +0 kite shield (worn)
 q - a +4 chain mail of poison resistance (worn)
 v - a +1 pair of boots
 L - a +1 hat of willpower (worn)
 W - a +1 pair of boots of rampaging (worn)
 Z - a +2 chain mail of fire resistance
Magical Staves
 H - a staff of cold
Jewellery
 e - a +6 ring of strength (left hand)
 j - a ring of ice
 r - an amulet of reflection (around neck)
 s - a ring of willpower
 I - a ring of positive energy
 K - a +4 ring of protection (right hand)
 M - an amulet of guardian spirit
Wands
 h - a wand of charming (3)
 y - a wand of polymorph (17)
 D - a wand of acid (3)
 N - a wand of paralysis (5)
Scrolls
 d - 3 scrolls of amnesia
 g - 4 scrolls of teleportation
 l - 3 scrolls of poison
 t - a scroll of enchant weapon
 A - 19 scrolls of identify {@r1}
 E - a scroll of brand weapon
 O - 3 scrolls of fog
 S - 3 scrolls of silence
 Y - 5 scrolls of fear
Potions
 f - 7 potions of curing
 m - 12 potions of flight
 n - 2 potions of magic
 p - a potion of cancellation
 u - 6 potions of attraction
 w - 10 potions of ambrosia
 x - 9 potions of brilliance
 z - a potion of invisibility
 C - a potion of might
 T - 3 potions of resistance
 U - a potion of berserk rage
Miscellaneous
 Q - a condenser vane (inert)


   Skills:
 - Level 16.3 Fighting
 - Level 16.0 Maces & Flails
 - Level 4.4 Polearms
 + Level 10.7 Throwing
 - Level 12.0 Armour
 - Level 14.4 Shields
 - Level 10.5 Invocations
 - Level 8.8 Evocations


You had 17 spell levels left.
You didn't know any spells.
Your spell library contained the following spells:

 Spells                   Type           Power      Damage    Failure   Level
 Ensorcelled Hibernation  Hex/Ice        0%         N/A       99%         2
 Passwall                 Tmut/Erth      0%         N/A       99%         2
 Sublimation of Blood     Necr           0%         N/A       99%         2
 Wereblood                Tmut           0%         N/A       99%         2
 Dazzling Flash           Conj/Hex       0%         N/A       100%        3
 Frozen Ramparts          Ice            0%         1d2       100%        3
 Gell's Gravitas          Tloc           0%         N/A       100%        3
 Inner Flame              Hex/Fire       0%         N/A       100%        3
 Lesser Beckoning         Tloc           0%         N/A       100%        3
 Spider Form              Tmut/Pois      0%         N/A       100%        3
 Stone Arrow              Conj/Erth      0%         3d7       100%        3
 Swiftness                Air            0%         N/A       100%        3
 Teleport Other           Tloc           0%         N/A       100%        3
 Anguish                  Hex/Necr       0%         N/A       100%        4
 Animate Armour           Summ/Erth      0%         N/A       100%        4
 Cause Fear               Hex            0%         N/A       100%        4
 Corpse Rot               Necr/Pois/Air  0%         N/A       100%        4
 Dispel Undead            Necr           0%         3d6       100%        4
 Hailstorm                Conj/Ice       0%         3d3       100%        4
 Ice Form                 Ice/Tmut       0%         N/A       100%        4
 Iskenderun's Mystic Bla  Conj/Tloc      0%         2d3       100%        4
 Petrify                  Tmut/Erth      0%         N/A       100%        4
 Summon Ice Beast         Ice/Summ       0%         N/A       100%        4
 Agony                    Necr           0%         N/A       100%        5
 Blade Hands              Tmut           0%         N/A       100%        5
 Fireball                 Conj/Fire      0%         3d3       100%        5
 Irradiate                Conj/Tmut      0%         3d13      100%        5
 Silence                  Hex/Air        0%         N/A       100%        5
 Simulacrum               Ice/Necr       0%         N/A       100%        6
 Starburst                Conj/Fire      0%         6d3       100%        6
 Dragon Form              Tmut           0%         N/A       100%        7
 Summon Hydra             Summ           0%         N/A       100%        7
 Discord                  Hex            0%         N/A       100%        8
 Ignition                 Fire           0%         3d3       100%        8
 Lehudib's Crystal Spear  Conj/Erth      0%         10d2      100%        8
 Death Channel            Necr           Unusable   N/A       N/A         6

Dungeon Overview and Level Annotations

Branches:
Dungeon (15/15)            Temple (0/1) D:6            Lair (6/6) D:8
 Shoals (4/4) Lair:2       Spider (4/4) Lair:2        Slime (0/5) Lair:5
    Orc (2/2) D:12            Elf (0/3) Orc:2        Vaults (0/5) D:13
 Depths (0/4) D:15

Altars:
Elyvilon
Fedhas
Ru
Yredelemnul
Beogh
Jiyva
Lugonu

Shops:
D:1 [*=*:   D:2 (   D:5 (   D:9 *   Orc:1 :!   Orc:2 :=(((   Shoals:3 [(

Portals:
Abyss: D:11 Lair:6

Annotations:
D:6 3 runed translucent doors, xian's ghost, novice FeCj
D:12 1 runed translucent door, Mipha's ghost, journeyman DjCj
D:14 2 runed translucent doors
Lair:2 exclusion: oklob plant
Lair:5 1 runed translucent door
Orc:1 exclusion: oklob plant


Innate Abilities, Weirdness & Mutations

You are surrounded by a moderate repulsion field. (EV +3)
You regenerate health from kills.
You are completely covered in sharp spines.
Your touch may irresistibly damage your foes and sap their willpower.


Message History

The javelin pierces through you!
* * * LOW HITPOINT WARNING * * *
Aiming: Mindburst
Press: ? - help, Shift-Dir - straight line, f/p - merfolk javelineer
Aim: a merfolk javelineer, wielding a +0 vorpal spear, wearing a +0 leather armour and quivering javelins (water, almost dead, haloed, chance to affect: 61%)
The merfolk javelineer's mind is blasted!!
You blow up the merfolk javelineer!
You hear a splash. x3
You block the merfolk javelineer's attack.
The merfolk javelineer throws a javelin.
The javelin pierces through you!
* * * LOW HITPOINT WARNING * * *
Aiming: Mindburst
Press: ? - help, Shift-Dir - straight line, f - merfolk javelineer
Aim: a merfolk javelineer, wielding a +0 spear, wearing a +0 leather armour and quivering javelins (water, haloed, chance to affect: 61%)
The merfolk javelineer resists with significant effort.
The now-empty wand crumbles to dust.
The merfolk javelineer throws a silver javelin.
The silver javelin pierces through you!
* * * LOW HITPOINT WARNING * * *
The silver sears you!
* * * LOW HITPOINT WARNING * * *
The merfolk javelineer throws a javelin.
The javelin pierces through you but does no damage.
You feel much better.
The merfolk javelineer throws a silver javelin.
The silver javelin pierces through you!
* * * LOW HITPOINT WARNING * * *
The silver sears you!
* * * LOW HITPOINT WARNING * * *
The merfolk javelineer hits you from afar with a +0 spear!
* * * LOW HITPOINT WARNING * * *
Blink to where?
Press: ? - help, Dir - move target, p - merfolk javelineer
As you read the scroll of blinking, it crumbles to dust.
You feel better.
The merfolk javelineer throws a silver javelin.
The silver javelin pierces through you!!
You die...
Your body rises from the dead as a mindless zombie.

≈............≈≈≈≈≈≈**,***,,,≈≈≈≈≈
≈≈...).......≈≈≈≈≈*******,,,≈≈≈≈≈
≈≈≈...)......≈≈≈≈#*,≈*≈,,**,≈≈≈≈≈
≈≈≈≈≈≈<)...≈≈≈≈≈##,,,≈,,,*,,≈≈≈≈≈
≈≈≈≈≈≈.....≈≈≈≈≈≈#*,*,*,,*≈≈≈≈≈≈≈
≈≈≈≈≈.[....≈≈≈≈≈##*≈,,,≈,*≈≈≈≈≈≈≈
#≈≈≈........≈≈≈≈≈#≈,*,*,***≈≈≈≈≈≈
##≈≈............##,,,≈,,,*≈≈≈≈≈≈≈
,##≈............@#.,*≈≈,**≈≈≈≈≈≈≈
,,##..............#**####≈≈≈≈≈≈≈≈
,*#≈≈.............###≈≈≈#≈≈≈≈≈≈≈≈
≈*##≈≈..≈≈≈≈≈≈≈≈......≈≈≈≈≈≈≈≈≈≈≈
,**#≈≈≈≈≈#####≈≈≈...≈≈≈≈≈≈≈≈≈≈≈≈≈
,,##≈≈≈≈##≈≈≈##≈≈...≈≈≈≈≈≈≈≈≈≈≈≈≈
,##≈≈≈≈≈#≈≈≈m≈#.....≈≈≈≈≈≈≈≈≈≈≈≈≈
##≈≈≈≈≈≈#≈≈≈m)m)....≈≈≈≈≈≈≈≈≈≈≈≈≈
#≈≈≈≈≈≈≈#≈≈≈≈≈#.....≈≈≈≈≈≈≈≈≈≈≈≈≈


You could see a merfolk javelineer.

Vanquished Creatures
  Mlioglotl (Spider:1)
  Rupert (D:12)
  Kirke (Shoals:4)
  3 emperor scorpions (Spider:4)
  3 ghost moths (Spider:4)
  A broodmother (Spider:1)
  6 spark wasps
  2 entropy weavers
  5 merfolk javelineers
  An ettin (D:15)
  7 merfolk impalers
  3 hydras
  2 ogre magi (D:15)
  2 boulder beetles
  8 two-headed ogres
  An alligator snapping turtle (Shoals:3)
  A catoblepas (D:13)
  A centaur warrior (D:13)
  2 dancing weapons (D:13)
  4 merfolk aquamancers (Shoals:2)
  4 death yaks
  3 orc high priests (Orc:2)
  2 tengu warriors (D:15)
  Sonja (Lair:4)
  3 pharaoh ants
  6 sea snakes
  2 orb spiders
  5 steelbarb worms
  2 deep trolls (D:15)
  10 harpies
  An obsidian statue (D:14)
  Pikel (D:7)
  2 deep elf pyromancers
  4 orc knights (Orc:2)
  3 wizards
  A wolf spider zombie (Spider:1)
  13 wolf spiders
  A necromancer (Lair:5)
  5 ugly things (D:15)
  7 manticores
  5 orc sorcerers
  3 fauns
  6 cyclopes
  3 merfolk sirens
  A guardian serpent (shapeshifter) (D:14)
  A moth of wrath (Spider:1)
  2 black mambas (shapeshifter)
  13 elephants
  Joseph (D:7)
  An ice statue (Spider:3)
  A water nymph (Shoals:3)
  3 black mambas
  3 torpor snails
  A spectral slime creature (D:15)
  A gargoyle (D:10)
  An unseen horror (D:12)
  2 cane toads
  A yaktaur (D:15)
  6 demonic crawlers
  4 rime drakes
  9 komodo dragons
  A freezing wraith (D:15)
  The ghost of IEatYoBabies the Ruffian, an amateur TrWr (D:4)
  21 merfolk
  5 trolls
  4 wind drakes
  4 meliai
  3 polar bears
  18 tarantellas
  Prince Ribbit (D:7)
  3 hornets
  6 slime creatures
  20 blink frogs
  2 jumping spider zombies
  5 dream sheep
  8 snapping turtles
  A culicivora zombie (Spider:4)
  A shadow (D:13)
  A ynoxinul (Lair:6)
  13 culicivoras
  18 jumping spiders
  A wyvern (D:10)
  3 water elementals
  2 wraiths (D:11)
  Eustachio (D:4)
  4 hogs (Shoals:4)
  27 yaks
  5 basilisks
  25 redbacks
  3 wargs
  3 acid dragons
  23 orc warriors
  13 water moccasins
  An ice beast (D:6)
  2 black bears
  A merfolk zombie (Shoals:4)
  A dream sheep zombie (Shoals:4)
  4 boggarts (D:15)
  6 ogres
  A manticore zombie (Shoals:4)
  2 snapping turtle zombies (Shoals:4)
  4 wolves (Lair:6)
  8 centaurs
  4 lemures (D:7)
  A kobold brigand (D:11)
  8 earth elementals (D:13)
  9 bullfrogs
  A gnoll sergeant (D:9)
  3 scorpions (Lair:2)
  A necrophage (D:8)
  A wight (D:7)
  7 small abominations (Lair:6)
  19 killer bees
  2 electric eels
  2 howler monkeys (D:7)
  A jelly (D:7)
  3 hounds
  13 orc priests
  A gnoll shaman (D:4)
  An iguana (D:5)
  15 orc wizards
  2 polar bear simulacra (Lair:5)
  A yak simulacrum (Lair:5)
  3 wolf simulacra (Lair:5)
  The ghost of YayAnonymity the Cudgeller, a weakling DsGl (D:4)
  4 gnolls (D:9)
  3 adders
  A shadow imp (D:6)
  An ufetubus (D:7)
  6 worms
  A dart slug (D:1)
  57 orcs
  5 endoplasms
  3 giant cockroaches
  4 goblins
  6 hobgoblins
  3 jackals (D:3)
  7 quokkas
  5 ball pythons
  10 bats
  10 kobolds
  2 rats
  3 river rat simulacra (Lair:5)
  A butterfly (Lair:3)
  A lurking horror (D:11)
707 creatures vanquished.

Vanquished Creatures (collateral kills)
  Jorgrun (Orc:1)
  Agnes (Spider:2)
  2 emperor scorpions (Spider:4)
  A ghost moth (Spider:4)
  3 spark wasps
  Josephine (D:11)
  2 hydras
  2 catoblepae
  4 boulder beetles
  2 two-headed ogres
  A merfolk avatar (Shoals:1)
  A centaur warrior (D:14)
  An alligator snapping turtle (Shoals:1)
  A satyr (Shoals:1)
  4 thrashing horrors (Lair:6)
  2 steelbarb worms
  2 pharaoh ants (Spider:2)
  2 sun moths
  8 orb spiders
  A sea snake (Shoals:1)
  6 harpies
  A necromancer (D:15)
  A deep elf pyromancer (D:14)
  5 manticores
  8 wolf spiders
  A cyclops (Shoals:4)
  An orc sorcerer (Orc:1)
  2 moths of wrath (Spider:4)
  5 fauns
  3 elephants
  An ugly thing (D:12)
  8 merfolk sirens
  A salamander (shapeshifter) (D:14)
  3 black mambas
  A water nymph (Shoals:1)
  2 smoke demons (Lair:6)
  An ice statue (Spider:3)
  4 cane toads
  4 demonic crawlers
  5 torpor snails
  7 komodo dragons
  3 ancient zymes (Lair:6)
  A rime drake (Lair:3)
  A redback zombie (Spider:1)
  A tengu conjurer (D:15)
  2 large abominations (Lair:6)
  2 wind drakes
  6 merfolk
  A troll (Orc:1)
  2 meliai (Spider:2)
  24 tarantellas
  3 hornets (Spider:4)
  6 blink frogs
  4 snapping turtles
  A tarantella zombie (Spider:4)
  9 slime creatures
  13 jumping spiders
  3 wraiths (D:11)
  A wyvern (Lair:4)
  2 water elementals
  8 culicivoras
  A vampire (D:11)
  7 yaks
  A chaos spawn (Lair:6)
  A hog (shapeshifter) (Lair:6)
  25 redbacks
  4 basilisks
  4 water moccasins
  8 orc warriors
  6 small abominations (Lair:6)
  3 wolves (Lair:6)
  3 ogres
  3 centaurs
  A bullfrog (Lair:3)
  2 necrophages
  3 wights (D:7)
  A killer bee (D:8)
  A howler monkey (D:7)
  2 electric eels
  A jelly (D:7)
  An orc priest (Orc:1)
  6 orc wizards
  2 wolf simulacra (Lair:5)
  A dart slug (D:1)
  26 orcs
  2 endoplasms (D:2)
  2 goblins
  A hobgoblin (D:2)
  2 rats
  A lurking horror (D:11)
326 creatures vanquished.

Vanquished Creatures (others)
  A spectral entropy weaver (Spider:2)
  An emperor scorpion zombie (Spider:4)
  2 ghost moth zombies (Spider:4)
  4 spark wasp zombies
  An orb spider (Spider:4)
  7 wolf spider zombies
  2 ugly thing zombies (D:15)
  A human zombie (Shoals:4)
  4 centaur zombies (D:13)
  A spectral orb spider (Spider:4)
  3 spectral slime creatures
  4 sea snake zombies
  A steelbarb worm zombie (Spider:4)
  3 orb spider zombies
  A spectral merfolk (Shoals:1)
  10 redback zombies
  2 hydra zombies
  A harpy zombie (Shoals:2)
  A merfolk (Shoals:3)
  3 demonic crawler zombies
  A sun moth zombie (Spider:2)
  12 tarantella zombies
  11 jumping spider zombies
  3 meliai zombies
  9 culicivora zombies
  A boulder beetle zombie (Lair:6)
  A culicivora (Spider:4)
  3 black mamba zombies
  3 yaks (Lair:6)
  A human (Shoals:4)
  2 two-headed ogre zombies (D:15)
  A faun zombie (Shoals:3)
  A deep troll zombie (D:15)
  2 cane toad zombies (Lair:6)
  A tengu zombie (D:15)
  3 snapping turtle zombies
  16 merfolk zombies
  3 elephant zombies
  2 dream sheep zombies
  6 blink frog zombies (Lair:6)
  3 manticore zombies
  3 torpor snail zombies (Spider:4)
  A hog zombie (Shoals:4)
  A rime drake zombie (Lair:6)
  A spectral ynoxinul (Lair:6)
  4 komodo dragon zombies
  A cyclops zombie (D:12)
  A yaktaur zombie (D:15)
  7 water moccasin zombies
  A warg zombie (Orc:1)
  9 yak zombies
  2 troll zombies
  2 wolf zombies (Lair:6)
  4 bullfrog zombies
  4 basilisk zombies
  An orc priest (Orc:2)
  4 spectral boggarts (D:15)
  2 killer bee zombies (D:7)
  An acid dragon zombie (D:12)
  4 ogre zombies
  A kobold zombie (D:11)
  A howler monkey zombie (D:7)
  2 worm zombies (Lair:2)
  A spectral shadow imp (D:6)
  An orc (D:11)
  2 bat zombies
  2 giant cockroach zombies
  2 hobgoblin zombies (D:4)
  A jackal zombie (D:3)
  46 orc zombies
  A rat zombie (D:3)
  A spectral ufetubus (D:7)
  2 bushes (Lair:1)
  2 foxfires (Spider:1)
  61 fungi
  202 plants
  3 starspawn tentacles (Spider:1)
  6 withered plants (D:4)
528 creatures vanquished.

Grand Total: 1561 creatures vanquished

Notes
Turn   | Place    | Note
-------+----------+-------------------------------------------
     0 | D:1      | dolemite99 the Demonspawn Fighter began the quest for the
                  | Orb.
     0 | D:1      | Reached XP level 1. HP: 18/18 MP: 1/1
     2 | D:1      | Noticed a ghoul
     2 | D:1      | Noticed a naga
     4 | D:1      | Noticed a vampire
     4 | D:1      | Noticed a tengu
     6 | D:1      | Noticed a demonspawn
     8 | D:1      | Noticed a draconian
     8 | D:1      | Noticed an octopode
    10 | D:1      | Noticed a demigod
    12 | D:1      | Noticed a merfolk
    12 | D:1      | Noticed a spriggan
    14 | D:1      | Noticed an ogre
    16 | D:1      | Noticed an elf
    16 | D:1      | Noticed a gargoyle
    18 | D:1      | Noticed a minotaur
    18 | D:1      | Noticed a felid
    20 | D:1      | Noticed a vine stalker
    20 | D:1      | Noticed a formicid
    22 | D:1      | Noticed a troll
    24 | D:1      | Noticed a human
    24 | D:1      | Noticed a dwarf
    48 | D:1      | Found Soemegg's Book Boutique.
   152 | D:1      | Gained mutation: You are partially covered in sharp spines.
                  | [demonic ancestry]
   152 | D:1      | Reached XP level 2. HP: 21/24 MP: 2/2
   330 | D:1      | Found Qobbyrghe's General Store.
   426 | D:1      | Found Veqeb's Jewellery Emporium.
   651 | D:1      | Found a faded altar of an unknown god.
   666 | D:1      | Prayed at the altar of an unknown god.
   666 | D:1      | Became a worshipper of Yredelemnul the Dark
   666 | D:1      | Reached * piety under Yredelemnul
   708 | D:1      | Found Ligut's Antique Armour Shoppe.
   805 | D:1      | Bought a scroll of identify for 22 gold pieces
   953 | D:1      | Found Gaf Feke's General Store.
  1133 | D:2      | Gained mutation: Your touch may inflict minor irresistible
                  | damage on your foes. [demonic ancestry]
  1133 | D:2      | Reached XP level 3. HP: 18/29 MP: 3/3
  1536 | D:2      | Found Gavigih's Weapon Boutique.
  1842 | D:1      | Bought 2 potions of curing for 66 gold pieces
  2474 | D:3      | Gained mutation: You regenerate a little health from kills.
                  | [demonic ancestry]
  2474 | D:3      | Reached XP level 4. HP: 34/35 MP: 4/4
  2835 | D:3      | Noticed a centaur
  2848 | D:3      | Killed a centaur
  2849 | D:3      | Reached skill level 5 in Maces & Flails
  2849 | D:3      | Gained mutation: You are surrounded by a mild repulsion
                  | field. (EV +2) [demonic ancestry]
  2849 | D:3      | Reached XP level 5. HP: 21/41 MP: 5/5
  3161 | D:3      | Identified the +10 spear of the Present {vorpal, Int+2
                  | Dex+3 Stlth-}
  3253 | D:4      | Found a runed translucent gate.
  3253 | D:4      | Found a runed translucent gate.
  3253 | D:4      | Found a runed translucent gate.
  3257 | D:4      | Noticed YayAnonymity's ghost (weakling DsGl)
  3257 | D:4      | Noticed IEatYoBabies's ghost (amateur TrWr)
  3638 | D:4      | Noticed Eustachio
  3657 | D:4      | Killed Eustachio
  3658 | D:4      | Reached XP level 6. HP: 35/47 MP: 6/6
  4261 | D:5      | Entered Level 5 of the Dungeon
  4362 | D:1      | Bought a scroll of identify for 22 gold pieces
  4367 | D:1      | Bought a scroll of magic mapping for 38 gold pieces
  5061 | D:5      | Found Voukixes's Antique Weapon Shoppe.
  5067 | D:5      | Bought a glowing flail for 123 gold pieces
  5134 | D:6      | Reached XP level 7. HP: 52/52 MP: 7/7
  5269 | D:6      | Found a staircase to the Ecumenical Temple.
  5307 | D:6      | Found a runed translucent gate.
  5307 | D:6      | Found a runed translucent gate.
  5307 | D:6      | Found a runed translucent gate.
  5313 | D:6      | Reached skill level 5 in Armour
  5355 | D:6      | Noticed xian's ghost (novice FeCj)
  5735 | D:7      | Noticed Prince Ribbit
  5750 | D:7      | Reached XP level 8. HP: 58/58 MP: 8/8
  5755 | D:7      | Killed Prince Ribbit
  5990 | D:7      | Noticed a hornet
  5999 | D:7      | Killed a hornet
  6447 | D:7      | Noticed Joseph
  6462 | D:7      | Killed Joseph
  6463 | D:7      | Gained mutation: You are surrounded by a moderate repulsion
                  | field. (EV +3) [demonic ancestry]
  6463 | D:7      | Reached XP level 9. HP: 44/64 MP: 9/9
  6751 | D:7      | Noticed Pikel
  6763 | D:7      | Killed Pikel
  7191 | D:8      | Reached skill level 5 in Fighting
  7531 | D:8      | Reached ** piety under Yredelemnul
  7801 | D:8      | Found a staircase to the Lair.
  8053 | D:1      | Bought an embroidered scarf for 144 gold pieces
  8286 | Lair:1   | Entered Level 1 of the Lair of Beasts
  8286 | Lair:1   | Noticed a komodo dragon
  8291 | Lair:1   | Killed a komodo dragon
  8416 | Lair:1   | Noticed a polar bear
  8427 | Lair:1   | Killed a polar bear
  8566 | Lair:1   | Noticed a komodo dragon
  8570 | Lair:1   | Reached XP level 10. HP: 69/76 MP: 10/10
  8655 | Lair:1   | Noticed a cane toad
  8661 | Lair:1   | Killed a cane toad
  9130 | Lair:1   | Reached *** piety under Yredelemnul
  9130 | Lair:1   | Reached skill level 10 in Maces & Flails
  9542 | Lair:1   | Noticed a five-headed hydra
  9744 | Lair:1   | Killed a five-headed hydra
 10059 | Lair:2   | Found a hole to the Spider Nest.
 10123 | Lair:2   | Gained mutation: You regenerate health from kills. [demonic
                  | ancestry]
 10123 | Lair:2   | Reached XP level 11. HP: 69/86 MP: 9/11
 10234 | Lair:2   | Found the dreamshard necklace {*Dream Drain}
 10683 | Lair:2   | Found a staircase to the Shoals.
 10801 | Lair:2   | Found a blossoming altar of Fedhas.
 10806 | Lair:2   | Noticed a catoblepas
 10808 | Lair:2   | Reached **** piety under Yredelemnul
 10814 | Lair:2   | Killed a catoblepas
 10838 | Lair:2   | Noticed an oklob plant
 10893 | Lair:2   | Noticed a boulder beetle
 10910 | Lair:2   | Killed a boulder beetle
 11684 | Lair:3   | Noticed a death yak
 11690 | Lair:3   | Killed a death yak
 11740 | Lair:3   | Reached skill level 5 in Invocations
 12031 | Lair:3   | Reached skill level 1 in Evocations
 12209 | Lair:4   | Noticed a four-headed hydra
 12233 | Lair:4   | Killed a four-headed hydra
 12481 | Lair:4   | Reached skill level 5 in Evocations
 12598 | Lair:4   | Reached XP level 12. HP: 69/94 MP: 11/15
 13013 | Lair:4   | Noticed Sonja
 13019 | Lair:4   | Killed Sonja
 13153 | Lair:5   | Found a runed translucent door.
 13669 | Lair:5   | Found a viscous altar of Jiyva.
 13740 | Lair:5   | Found a staircase to the Slime Pits.
 13740 | Lair:5   | Noticed an acid blob
 13926 | Lair:5   | Identified the +1 leather armour of Quantum Leap {rC+
                  | Dex+2}
 14603 | Lair:6   | Entered Level 6 of the Lair of Beasts
 14867 | Lair:6   | Gained mutation: You are mostly covered in sharp spines.
                  | [demonic ancestry]
 14867 | Lair:6   | Reached XP level 13. HP: 66/103 MP: 10/18
 14907 | Lair:6   | Reached skill level 10 in Fighting
 15519 | Lair:6   | Reached ***** piety under Yredelemnul
 15560 | Lair:6   | Reached ****** piety under Yredelemnul
 15574 | Lair:6   | Reached skill level 10 in Armour
 17249 | Lair:6   | Reached skill level 10 in Invocations
 17938 | Lair:6   | Found a corrupted altar of Lugonu.
 17938 | Lair:6   | Found a one-way gate to the infinite horrors of the Abyss.
 18586 | D:9      | Found Lucuc Han's Assorted Antiques.
 18597 | D:9      | Bought a scroll of fear for 77 gold pieces
 18597 | D:9      | Bought a scroll of enchant armour for 165 gold pieces
 19383 | D:10     | Entered Level 10 of the Dungeon
 19587 | D:10     | Gained mutation: Your touch may inflict irresistible damage
                  | on your foes. [demonic ancestry]
 19587 | D:10     | Reached XP level 14. HP: 101/113 MP: 17/21
 20590 | D:11     | Found a corrupted altar of Lugonu.
 20961 | D:11     | Noticed Josephine
 20969 | D:11     | Killed Josephine
 20979 | D:11     | Reached skill level 5 in Shields
 22589 | D:12     | Noticed Rupert
 22748 | D:12     | Killed Rupert
 23294 | D:12     | Found a runed translucent door.
 23294 | D:12     | Noticed Mipha's ghost (journeyman DjCj)
 23688 | D:12     | Found a staircase to the Orcish Mines.
 23986 | Orc:1    | Entered Level 1 of the Orcish Mines
 24020 | Orc:1    | Found Herryn Yvix's Distillery.
 24028 | Orc:1    | Found Ycubuah's Book Shoppe.
 24350 | Orc:1    | Noticed Jorgrun
 24365 | Orc:1    | Killed Jorgrun
 24787 | Orc:2    | Entered Level 2 of the Orcish Mines
 24788 | Orc:2    | Identified a scroll of acquirement
 24791 | Orc:1    | Acquired a manual of Fighting
 25142 | Orc:2    | Found a staircase to the Elven Halls.
 27408 | Orc:2    | Found Bekhleant's Book Emporium.
 28061 | D:5      | Bought the +10 morningstar "Eos" {elec, Halo rElec} for
                  | 1406 gold pieces
 28061 | D:5      | Found the +10 morningstar "Eos" {elec, Halo rElec}
 28710 | Orc:2    | Found Yschef's Antique Weapon Boutique.
 28710 | Orc:2    | Found Iruxo's Weapon Emporium.
 28712 | Orc:2    | Found Oqutzoe's Antique Weapon Emporium.
 28712 | Orc:2    | Found Koinoede's Jewellery Boutique.
 28967 | D:4      | Killed YayAnonymity's ghost
 28968 | D:4      | Killed IEatYoBabies's ghost
 29205 | Orc:1    | Bought a potion of heal wounds for 70 gold pieces
 29364 | D:13     | Found a gate to the Vaults.
 29785 | D:13     | Identified the +0 ring mail of Bedegeej {rF+ rC+ Int+4
                  | Stlth+}
 29833 | D:13     | Reached XP level 15. HP: 104/125 MP: 22/22
 30642 | D:14     | Found a runed translucent door.
 30671 | D:14     | Found a runed translucent door.
 30688 | D:14     | Found a runed translucent door.
 30698 | D:14     | Found a runed translucent door.
 31656 | D:15     | Entered Level 15 of the Dungeon
 31713 | D:15     | Reached skill level 1 in Throwing
 31990 | D:15     | Found a staircase to the Depths.
 32186 | D:15     | Reached skill level 5 in Throwing
 32221 | D:15     | Found a sacrificial altar of Ru.
 33838 | Shoals:1 | Entered Level 1 of the Shoals
 35204 | Shoals:2 | Reached XP level 16. HP: 132/134 MP: 23/23
 35736 | Shoals:2 | Reached skill level 15 in Fighting
 37107 | Shoals:3 | Found Qailya's Armour Boutique.
 37110 | Shoals:3 | Bought a +4 chain mail of poison resistance for 370 gold
                  | pieces
 37465 | Shoals:4 | Entered Level 4 of the Shoals
 37713 | Shoals:4 | Noticed Kirke
 37730 | Shoals:4 | Killed Kirke
 37740 | Shoals:4 | Identified the +8 flail of Quij {vorpal, Will+}
 37963 | Shoals:4 | Reached skill level 10 in Shields
 38060 | Shoals:4 | Your ally Kirke died
 38460 | Shoals:3 | Found Ruag's Weapon Emporium.
 39379 | Spider:1 | Entered Level 1 of the Spider Nest
 40034 | Spider:1 | Reached skill level 15 in Maces & Flails
 40104 | Spider:1 | Noticed Mlioglotl
 40288 | Spider:1 | Gained mutation: Your touch may irresistibly damage your
                  | foes and sap their willpower. [demonic ancestry]
 40288 | Spider:1 | Reached XP level 17. HP: 128/144 MP: 24/24
 40331 | Spider:1 | Killed Mlioglotl
 42024 | Spider:2 | Noticed Agnes
 42051 | Spider:2 | Killed Agnes
 43433 | Spider:3 | Found a frozen archway.
 43809 | Spider:4 | Entered Level 4 of the Spider Nest
 44646 | Spider:4 | Reached skill level 10 in Throwing
 44929 | Spider:4 | Gained mutation: You are completely covered in sharp
                  | spines. [demonic ancestry]
 44929 | Spider:4 | Reached XP level 18. HP: 136/151 MP: 0/25
 45271 | Spider:4 | Got a gossamer rune of Zot
 45999 | Shoals:4 | HP: 6/151 [merfolk javelineer/+0 spear (10)]
 46001 | Shoals:4 | Hit by a silver javelin thrown by a merfolk javelineer

Illustrated notes

Levels and vault maps discovered:
D:1:      kb_arrival_jail, layout_loops_corners,
          shapermc_ecumenical_altar_mp_ritualfount, serial_shops,
          nicolae_shop_stone, shop, nicolae_shop_stone, nicolae_lakefront_shop,
          shop
D:2:      layout_loops_ring, serial_shops, nicolae_shop_hallway_plus
D:3:      layout_basic, nicolae_elyvilon_temple_path
D:4:      minmay_octagon_keep, layout_cave_pods, gammafunk_ghost_cemetery,
          uniq_eustachio
D:5:      layout_cave_pools, serial_park, serial_park_square1
          [serial_park_minivault_5x5_4], serial_park_square2,
          serial_park_tiny_2, serial_park_gazebo [serial_park_minivault_5x5_5],
          serial_shops, kennysheep_little_box
D:6:      layout_rooms, minmay_temple_entry_offerings,
          gammafunk_ghost_nasty_kobolds, minivault_24
D:7:      layout_basic, uniq_prince_ribbit1, uniq_joseph, uniq_pikel
D:8:      layout_basic, lair_entry_dummy, minivault_14
D:9:      layout_small_grid, serial_shops, shop, grunt_ministairs_15
D:10:     layout_grid_maze
D:11:     layout_big_octagon, amcnicky_altar_lugonu_corruption, uniq_josephine
D:12:     layout_loops_ring, david_orc_5, gammafunk_ghost_grave,
          chequers_serial_rivers_micro_a, uniq_rupert
D:13:     layout_long_grid, erik_vaults_1, hangedman_cracks_in_the_wall
D:14:     layout_rooms, minmay_misc_feat_cross, minmay_statue_crystal_thing
D:15:     hangedman_depths_entry_civil_slaughter, layout_loops_corners,
          old_standard_altar
Lair:1:   layout_long_grid, st_stairs_9, wad_woods_06, grunt_megastairs_2
Lair:2:   layout_cave_pods, minmay_shoals_entry_centaurs,
          nicolae_spider_entry_non_spiders, gauntlet_entry_generic, tgw_fedhas,
          lemuel_fruit_tree, serial_bayou_shore_a
Lair:3:   layout_roguey, lemuel_fruit_fields, infiniplex_staircase_pool_2
Lair:4:   layout_long_grid, serial_bayou_shore_b, grunt_megastairs_3, uniq_sonja
Lair:5:   layout_cave_shapes, slime_altar_2, st_stairs_6, eino_house_with_fridge
Lair:6:   hellmonk_lair_end_abyssal_woods, layout_regular_city,
          nicolae_lair_run_with_the_wolves, serial_bayou_shore_b
Shoals:1: layout_shoals, nzn_prometheus_bound
Shoals:2: layout_shoals, nicolae_shoals_aquamancer_cove
Shoals:3: layout_shoals, nicolae_stop_n_shop_1, nicolae_stop_n_shop_2
Shoals:4: shoals_end_grunt_ice, layout_shoals, nicolae_shoals_mertower,
          uniq_kirke
Spider:1: layout_chambers, dreamdust_wasp_nest,
          hangedman_spider_tarantella_strand, uniq_mlioglotl
Spider:2: layout_chambers, uniq_agnes
Spider:3: layout_spider_delve, portal_ice_cave_entry_ice_statue_two,
          nicolae_spider_checkerboard
Spider:4: spider_rune_water
Orc:1:    layout_caves, serial_shops, shop_coins, shop, mines3_lemuel,
          uniq_jorgrun
Orc:2:    grunt_orc_tribal_feast, layout_caves, serial_shops, shop, basic_altar

Skill      XL: |  1  2  3  4  5  6  7  8  9 10 11 12 13 14 15 16 17 18 |
---------------+-------------------------------------------------------+-----
Maces & Flails | 2 3 5 8 10 11 12 13 14 15 16 | 16.0
Polearms       | 3 4 |  4.4
Armour         | 5 8 9 10 11 12 | 12.0
Fighting       | 5 7 8 9 11 13 14 16 | 16.3
Invocations    | 5 7 10 | 10.5
Evocations     | 6 8 |  8.8
Shields        | 3 8 11 14 | 14.4
Throwing       | 9 10 | 10.7

Action                   |  1- 3 |  4- 6 |  7- 9 | 10-12 | 13-15 | 16-18 || total
-------------------------+-------+-------+-------+-------+-------+-------++-------
Melee: Flail             |    71 |    14 |       |   135 |   581 |       ||   801
       Spear             |       |    60 |   121 |   220 |       |       ||   401
       Morningstar       |       |       |       |       |   302 |   502 ||   804
Throw: Dart              |       |       |       |       |    70 |    19 ||    89
       Javelin           |       |       |       |       |    25 |    14 ||    39
       Boomerang         |       |       |       |       |       |    46 ||    46
Invok: Dark Bargain      |       |       |       |     1 |     5 |     2 ||     8
       Drain Life        |       |       |       |       |       |     1 ||     1
       Recall Undead Har |       |       |       |       |       |     5 ||     5
       Bind Soul         |       |       |       |       |       |     1 ||     1
Evoke: Wand              |       |       |       |    74 |    44 |    48 ||   166
       Condenser vane    |       |       |       |     2 |     5 |     6 ||    13
  Use: Scroll            |     7 |     9 |     3 |     4 |    19 |    10 ||    52
       Potion            |       |     1 |     7 |     3 |     8 |    13 ||    32
 Stab: Distracted        |       |     3 |       |     4 |    13 |    13 ||    33
       Invisible         |       |       |     1 |     2 |       |       ||     3
       Paralysed         |       |       |       |     1 |     4 |       ||     5
Armor: Scale mail        |    27 |     1 |       |       |       |       ||    28
       Chain mail        |       |    29 |    31 |   156 |   399 |   265 ||   880
       Skin              |       |       |    61 |       |       |       ||    61
Dodge: Dodged            |    27 |    29 |    24 |   139 |   326 |   212 ||   757
Block: Buckler           |    23 |    20 |    25 |    73 |    73 |       ||   214
       Kite shield       |       |       |       |       |   504 |   572 ||  1076
       Reflection        |       |       |       |       |    37 |    41 ||    78

Table legend: (Time is in decaauts)
 A = Elapsed time spent in this place.
 B = Non-inter-level travel time spent in this place.
 C = Inter-level travel time spent in this place.
 D = Time resting spent in this place.
 E = Time spent auto-exploring this place.
 F = Levels seen in this place.
 G = Mean time per level.
                   A        B        C        D        E       F      G
               +--------+--------+--------+--------+--------+-----+--------+
         Total |  46173 |  42591 |   3582 |  14068 |  19593 |  31 | 1489.5 |
       Dungeon |  19156 |  16919 |   2237 |   4053 |   9862 |  15 | 1277.1 |
          Lair |  10313 |   9581 |    732 |   2983 |   4761 |   6 | 1718.8 |
        Shoals |   5914 |   5664 |    250 |   2477 |   1530 |   4 | 1478.5 |
   Spider Nest |   6416 |   6230 |    186 |   1772 |   2665 |   4 | 1604.0 |
  Orcish Mines |   4372 |   4198 |    174 |   2781 |    774 |   2 | 2186.0 |
               +--------+--------+--------+--------+--------+-----+--------+

Top non-repeatable levels by time:
  Lair:6: 3464 daAuts
    D:11: 2300 daAuts
Spider:1: 2232 daAuts
   Orc:2: 2190 daAuts
   Orc:1: 2181 daAuts
    D:15: 1993 daAuts
Spider:4: 1943 daAuts
Shoals:2: 1914 daAuts
  Lair:1: 1849 daAuts
    D:12: 1779 daAuts
Shoals:1: 1614 daAuts
Shoals:3: 1605 daAuts
  Lair:2: 1558 daAuts
     D:7: 1461 daAuts
  Lair:5: 1374 daAuts
